 Dungeon Crawl Stone Soup version 0.32-a0-329-ge6c31236d6 (webtiles) character file.

Game seed: 6530391559742796794

2 Asceticacid the Scratcher (level 1, 10/10 HPs)
             Began as a Felid Shapeshifter on Feb 16, 2024.
             Quit the game on level 1 of the Dungeon.
             The game lasted 00:00:21 (93 turns).

Asceticacid the Scratcher (Felid Shapeshifter)        Turns: 93, Time: 00:00:22

Health: 10/10      AC:  1    Str: 10    XL:     1   Next: 33%
Magic:  2/2        EV: 17    Int: 13    God:
Gold:   27         SH:  0    Dex: 15    Spells: 0/0 levels left
                                        Lives:  0   Deaths: 1

rFire   . .          .
                       - Unarmed
rCold   . . .        (shield unavailable)
rNeg    . . .        (body armour unavailable)
rPois   .            (helmet unavailable)
rElec   .            (cloak unavailable)
rCorr   .            (gloves unavailable)
SInv    +            (boots unavailable)
Will    .....        (no amulet)
Stlth   +            (no ring)
HPRegen 0.21/turn    (no ring)
MPRegen 0.08/turn

%: no passive effects
@: beast-form
A: beast (slay +1), very small, claws 1, fangs 3, see invisible, shaggy fur 1,
stealthy paws, no weapons or thrown items, no armour, multi-lived
a: Begin Untransformation


You were on level 1 of the Dungeon.
You were a hulking beast.
You visited 1 branch of the dungeon, and saw 1 of its levels.

You collected 27 gold pieces.

Inventory:

Talismans
 b - a beast talisman (active)
 c - a flux talisman
Potions
 a - a potion of lignification
 d - a potion of invisibility {unknown}


   Skills:
 - Level 1.0 Fighting
 - Level 2.6 Dodging
 + Level 3.2 Unarmed Combat
 - Level 2.6 Shapeshifting


You couldn't memorise any spells.
You didn't know any spells.
Your spell library was empty.

Dungeon Overview and Level Annotations

Branches:
Dungeon (1/15)

Altars:

Shops:
D:1 (


Innate Abilities, Weirdness & Mutations

You are a hulking beast.
Your limbs bulge with bestial killing power. (Slay +1)
You have sharp claws.
You have razor-sharp teeth.
You have supernaturally acute eyesight. (SInv)
You are covered in fur. (AC +1)
Your paws help you pounce on unaware monsters.
You are incapable of wielding weapons or throwing items.
You cannot wear armour.
You gain extra lives every three experience levels.


Message History

* * * LOW HITPOINT WARNING * * *
The bat barely misses you. x2; The bat hits you but does no damage.
The gnoll barely misses you.
You are too injured to fight recklessly!
The bat completely misses you. The gnoll closely misses you.
The bat attacks as it pursues you! The bat misses you.
The bat closely misses you. The bat completely misses you.
The bat attacks as it pursues you! The bat hits you but does no damage.
The bat hits you.
* * * LOW HITPOINT WARNING * * *
The bat hits you but does no damage.
You see here a +0 leather armour.
The bat hits you.
* * * LOW HITPOINT WARNING * * *
The bat closely misses you. The bat closely misses you.
The bat completely misses you. The bat closely misses you.
The bat closely misses you. The bat closely misses you.
The bat hits you but does no damage. The bat misses you.
The bat completely misses you.
You scratch the bat.
You kill the bat!
The bat misses you. The bat hits you but does no damage.
The gnoll barely misses you. The bat hits you but does no damage.
You see here a bat corpse.
You closely miss the bat. The bat completely misses you.
The gnoll completely misses you.
You scratch the bat but do no damage. The bat closely misses you.
The gnoll completely misses you.
You closely miss the bat. The bat hits you.
* * * LOW HITPOINT WARNING * * *
The gnoll hits you from afar with a +0 spear.
You die...
Your shape twists and changes as you die.
The bat closely misses you.
You rejoin the land of the living...
Are you sure you want to abandon this character and quit the game? (Confirm with "yes".)

#...........# #†#.#
+.....<.....+ #.#.#
#...........# #.#.#
######'###### #....
#.......# ###.#
#~~...≈~# #.# .
#≈≈≈≈~≈≈# #..
#...####'####... #..
#...h.....# ###..
######.######### #....
........).###...###.#.#
#########....^#.....#.#
#####......>..#
#.#####.### #.# #...#
#.####+#.# #.#..'∩'.#


There were no monsters in sight!

Vanquished Creatures
  A bat (D:1)
  A goblin (D:1)
2 creatures vanquished.

Notes
Turn   | Place    | Note
-------+----------+-------------------------------------------
     0 | D:1      | Asceticacid the Felid Shapeshifter began the quest for the
                  | Orb.
     0 | D:1      | Reached XP level 1. HP: 10/10 MP: 2/2
    33 | D:1      | Found Ciumob's Weapon Boutique.
    92 | D:1      | Slain by a gnoll
    92 | D:1      | Lost a life (0 lives remaining)
    93 | D:1      | Quit the game

Illustrated notes

Levels and vault maps discovered:
D:1:      dpeg_arrival_yet_another_circle, layout_basic, serial_shops,
          nicolae_shop_behind_doors, st_stairs_5

Action                     || total
---------------------------++-------
  Melee: Unarmed           ||     8
   Stab: Sleeping          ||     1
 Armour: Skin              ||    14
  Dodge: Dodged            ||    29

Table legend: (Time is in decaauts)
 A = Elapsed time spent in this place.
 B = Non-inter-level travel time spent in this place.
 C = Inter-level travel time spent in this place.
 D = Time resting spent in this place.
 E = Time spent auto-exploring this place.
 F = Levels seen in this place.
 G = Mean time per level.
                   A        B        C        D        E       F      G
               +--------+--------+--------+--------+--------+-----+--------+
         Total |     93 |     93 |      0 |      0 |     61 |   1 |   93.0 |
       Dungeon |     93 |     93 |      0 |      0 |     61 |   1 |   93.0 |
               +--------+--------+--------+--------+--------+-----+--------+

Top non-repeatable levels by time:
     D:1: 93 daAuts
